 Dungeon Crawl Stone Soup version 0.30-a0-622-gddc90eaa04 (webtiles) character file.

Game seed: 6410299150710403898

107 bande the Covered (level 4, 0/29 HPs)
             Began as a Gargoyle Fighter on Jan 10, 2023.
             Killed by nerve-wracking pain
             ... invoked by an orc priest
              (5 damage)
             ... on level 3 of the Dungeon.
             The game lasted 00:03:00 (1804 turns).

bande the Covered (Gargoyle Fighter)                Turns: 1804, Time: 00:03:00

Health: 0/29       AC: 15    Str: 20    XL:     4   Next: 85%
Magic:  4/4        EV:  5    Int:  8    God:
Gold:   137        SH:  4    Dex: 11    Spells: 3/3 levels left

rFire   . . .      SeeInvis .    a - +0 war axe
rCold   . . .      Faith    .    c - +0 buckler
rNeg    + . .      Spirit   .    m - +0 plate armour
rPois   ∞          Reflect  .    (no helmet)
rElec   +          Harm     .    (no cloak)
rCorr   .          Rampage  .    (no gloves)
Will    .....                    (no boots) Stlth
                                 (no amulet)
HPRegen 0.24/turn                (no ring)
MPRegen 0.09/turn                (no ring)

@: no status effects
A: sickness immunity, AC +3, negative energy resistance 1, electricity
resistance, torment resistance 1, petrification resistance
a: no special abilities


You were on level 3 of the Dungeon.
You visited 1 branch of the dungeon, and saw 3 of its levels.

You collected 137 gold pieces.

Inventory:

Hand Weapons
 a - a +0 war axe (weapon)
Missiles
 k - a throwing net (quivered)
Armour
 c - a +0 buckler (worn)
 m - a +0 plate armour (worn)
Wands
 p - a wand of flame (14)
Scrolls
 b - a scroll of blinking {unknown}
 e - 3 scrolls of identify {unknown}
 j - a scroll of teleportation {unknown}
 n - a scroll of immolation {unknown}
 o - a scroll of magic mapping {unknown}
Potions
 d - 2 potions of might
 f - a potion of magic {unknown}
 g - 2 potions of heal wounds {unknown}
 h - a potion of resistance {unknown}
 i - a potion of curing {unknown}
 l - a potion of haste {unknown}
 q - a potion of degeneration {unknown}


   Skills:
 + Level 4.0 Fighting
 + Level 3.1 Axes
 + Level 4.0 Armour
 + Level 3.7 Shields


You had 3 spell levels left.
You didn't know any spells.
Your spell library was empty.

Dungeon Overview and Level Annotations

Branches:
Dungeon (3/15)

Altars:
Gozag

Annotations:
D:3 1 runed translucent door, Juicyj's ghost, weakling MiFi


Innate Abilities, Weirdness & Mutations

You are immune to sickness and miasma.
Your stone body is resilient. (AC +3)
You are immune to poison.
You resist negative energy. (rN+)
You are resistant to electric shocks. (rElec)
You are resistant to unholy torment.
You are immune to petrification.


Message History

Pain shoots through your body! The orc hits you but does no damage.
You are too injured to fight recklessly!
You are too injured to fight recklessly!
You are too injured to fight recklessly!
You are too injured to fight recklessly!
You are too injured to fight recklessly!
You are too injured to fight recklessly!
You are too injured to fight recklessly!
You are too injured to fight recklessly!
You are too injured to fight recklessly!
Unknown command.
You barely miss the orc. You barely miss the orc priest.
You block the orc priest's attack.
You slash the orc!
You kill the orc!
You hit the orc priest.
The orc priest calls down the wrath of Beogh upon you.
Pain shoots through your body! The orc priest hits you with a +0 club.
Items here: $ )) ††.
You hit the orc priest.
The orc priest is moderately wounded.
The orc priest looks braver for a moment.
The orc priest hits you but does no damage.
You closely miss the orc priest.
The orc priest is moderately wounded.
An orc comes into view. It is wielding a +0 club.
An orc priest comes into view. It is wielding a +0 flail.
The orc priest invokes the aid of Beogh against you.
Beogh smites you!
* * * LOW HITPOINT WARNING * * *
The orc shouts!
The orc priest shouts!
You slash the orc priest!
The orc priest is severely wounded.
The orc priest hits you but does no damage. x2
You hit the orc priest.
The orc priest is almost dead.
The orc priest calls down the wrath of Beogh upon you.
Pain shoots through your body!
You die...

#. ##. ##.. ..o ..
#. #.## #o@# ##.#
#+# #.# #.# #.#
#.# #.########.##
#.##........##
#.##.###.....#
#.##.####>..######
#.##.#...........#


You could see 2 orc priests.

Vanquished Creatures
  An orc priest (D:3)
  2 adders (D:2)
  A worm (D:2)
  A dart slug (D:1)
  An orc (D:3)
  4 bats
  7 endoplasms
  A giant cockroach (D:1)
  3 goblins
  4 hobgoblins
  6 jackals
  A quokka (D:1)
  7 ball pythons
  2 frilled lizards
  3 kobolds
  4 rats
48 creatures vanquished.

Vanquished Creatures (others)
  10 plants (D:1)
  5 toadstools (D:1)
15 creatures vanquished.

Grand Total: 63 creatures vanquished

Notes
Turn   | Place    | Note
-------+----------+-------------------------------------------
     0 | D:1      | bande the Gargoyle Fighter began the quest for the Orb.
     0 | D:1      | Reached XP level 1. HP: 14/14 MP: 1/1
    61 | D:1      | Reached XP level 2. HP: 15/19 MP: 2/2
   309 | D:1      | Reached XP level 3. HP: 23/23 MP: 3/3
  1106 | D:2      | Reached XP level 4. HP: 29/29 MP: 4/4
  1593 | D:3      | Found an opulent altar of Gozag.
  1625 | D:3      | Found a runed translucent door.
  1630 | D:3      | Noticed Juicyj's ghost (weakling MiFi)
  1741 | D:3      | Found a faded altar of an unknown god.
  1804 | D:3      | Killed from afar by an orc priest

Illustrated notes

Levels and vault maps discovered:
D:1:      ldierk_walled_garden, layout_basic, kennysheep_boxes
D:2:      layout_loops_ring
D:3:      minmay_recursive_quarters, layout_loops_corners,
          mainiacjoe_overflow_alcove_1, ebering_ghost_sewer_f,
          hellmonk_ecumenical_altar_blasted, uniq_grinder

Skill      XL: |  1  2  3  4 |
---------------+-------------+-----
Axes           | 2 3 |  3.1
Fighting       | 4 |  4.0
Armour         | 4 |  4.0
Shields        | |  3.7

Action                   |  1- 3 |  4- 6 || total
-------------------------+-------+-------++-------
Melee: War axe           |   111 |    36 ||   147
Armor: Scale mail        |    71 |       ||    71
       Plate armour      |       |    23 ||    23
Dodge: Dodged            |    72 |     7 ||    79
Block: Buckler           |    18 |     7 ||    25

Table legend: (Time is in decaauts)
 A = Elapsed time spent in this place.
 B = Non-inter-level travel time spent in this place.
 C = Inter-level travel time spent in this place.
 D = Time resting spent in this place.
 E = Time spent auto-exploring this place.
 F = Levels seen in this place.
 G = Mean time per level.
                   A        B        C        D        E       F      G
               +--------+--------+--------+--------+--------+-----+--------+
         Total |   1865 |   1803 |     62 |      0 |   1439 |   3 |  621.7 |
       Dungeon |   1865 |   1803 |     62 |      0 |   1439 |   3 |  621.7 |
               +--------+--------+--------+--------+--------+-----+--------+

Top non-repeatable levels by time:
     D:2: 802 daAuts
     D:1: 727 daAuts
     D:3: 335 daAuts
